 Dungeon Crawl Stone Soup version 0.30-a0-723-gc1506a1cf0 (webtiles) character file.

Game seed: 8921327553122046629

19762 browni3141 the Grappler (level 12, -3/118 HPs)
             Began as a Troll Berserker on Jan 28, 2023.
             Was a Priest of Trog.
             Slain by an eight-headed hydra (9 damage)
             ... on level 10 of the Dungeon.
             The game lasted 00:18:46 (8938 turns).

browni3141 the Grappler (Troll Berserker)           Turns: 8938, Time: 00:18:47

Health: -3/118     AC:  6    Str: 32    XL:     12   Next: 39%
Magic:  11/11      EV: 11    Int:  3    God:    Trog [***...]
Gold:   668        SH:  0    Dex:  9    Spells: 11/11 levels left

rFire   . . .      SeeInvis +      - Unarmed
rCold   + . .      Faith    +    (no shield)
rNeg    . . .      Spirit   .    x - +2 robe {Will+}
rPois   .          Reflect  .    J - +0 hat {SInv}
rElec   .          Harm     .    (no cloak)
rCorr   .          Rampage  .    (gloves unavailable)
Will    +....                    (boots unavailable)
Stlth   +                        o - amulet of faith
HPRegen 1.19/turn                y - ring of protection from cold
MPRegen 0.12/turn                n - ring of flight

@: flying
A: large, unfitting armour, claws 3, regeneration 1, shaggy fur 1, tough skin 1
a: Renounce Religion, Berserk, Trog's Hand


You were on level 10 of the Dungeon.
You worshipped Trog.
Trog was most pleased with you.
You visited 1 branch of the dungeon, and saw 11 of its levels.
You also visited: Gauntlet.

You collected 686 gold pieces.
You spent 18 gold pieces at shops.

Inventory:

Missiles
 c - 34 poisoned darts (quivered)
 f - 4 boomerangs
 j - 3 javelins
 u - 5 large rocks
 z - 4 curare-tipped darts
Armour
 a - a +0 animal skin
 x - a +2 robe of willpower (worn)
 A - a +0 hat
 C - a +2 robe of fire resistance
 J - a +0 hat of see invisible (worn)
Jewellery
 h - an amulet of guardian spirit
 n - a ring of flight (right claw)
 o - an amulet of faith (around neck)
 s - an amulet of magic regeneration
 w - a ring of ice
 y - a ring of protection from cold (left claw)
 L - the ring "Tuor Wio" {Will+ rCorr MP+9 Slay+5}
   (You found it in a Gauntlet)

   [ring of willpower]

   Slay:      It affects your accuracy & damage with ranged weapons and melee
   (+5).
   MP:        It affects your magic capacity (+9).
   rCorr:     It protects you from acid and corrosion.
   Will:      It increases your willpower.
 M - the ring of the Louse {rC++ rN+ rCorr Str-2 Dex+4}
   (You found it in a Gauntlet)

   [ring of positive energy]

   Str:       It affects your strength (-2).
   Dex:       It affects your dexterity (+4).
   rC:        It greatly protects you from cold.
   rN:        It protects you from negative energy.
   rCorr:     It protects you from acid and corrosion.
Wands
 e - a wand of charming (4)
 p - a wand of flame (14)
 D - a wand of digging (3)
 H - a wand of mindburst (5)
Potions
 b - 3 potions of brilliance {unknown}
 d - 2 potions of lignification
 g - 4 potions of flight {unknown}
 i - a potion of degeneration {unknown}
 k - a potion of mutation {unknown}
 l - 2 potions of haste {unknown}
 m - 2 potions of berserk rage {unknown}
 q - 2 potions of heal wounds {unknown}
 G - a potion of cancellation {unknown}
 K - a potion of resistance {unknown}
Miscellaneous
 E - a phial of floods (inert)


   Skills:
 + Level 7.6 Fighting
 * Level 10.8 Throwing
 + Level 7.6 Dodging
 - Level 1.0 Stealth
 * Level 12.5 Unarmed Combat


You had 11 spell levels left.
You didn't know any spells.
Your spell library was empty.

Dungeon Overview and Level Annotations

Branches:
Dungeon (11/15)            Temple (0/1) D:6            Lair (0/5) D:10
    Orc (0/2) D:11        Gauntlet (visited)

Altars:
Ashenzari
Fedhas
Makhleb
Okawaru
Ru
Sif Muna
Vehumet
Xom
Yredelemnul
Zin

Shops:
D:5 (   D:7 *

Annotations:
D:6 2 transporters, bakla's ghost, novice DsGl


Innate Abilities, Weirdness & Mutations

You are too large for most types of armour.
You have claws for hands.
Your natural rate of healing is unusually fast.
You are covered in fur. (AC +1)
You have tough skin. (AC +1)


Message History

c - 34 poisoned darts (gained 1)
The eight-headed hydra roars!
Aim the phial where?
Press: ? - help, Shift-Dir - straight line, f - eight-headed hydra
Aim: an eight-headed hydra The torrent of water hits the eight-headed hydra!
The eight-headed hydra is lightly wounded.
The wave splashes down.
The eight-headed hydra bites you. The eight-headed hydra bites you!
The eight-headed hydra bites you but does no damage.
The eight-headed hydra bites you! The eight-headed hydra misses you.
The eight-headed hydra bites you. The eight-headed hydra bites you! x2
The eight-headed hydra bites you but does no damage.
The eight-headed hydra bites you!
The eight-headed hydra bites you but does no damage.
The eight-headed hydra bites you!
The eight-headed hydra closely misses you.
The eight-headed hydra bites you but does no damage. x2
The eight-headed hydra bites you!
Your two-headed ogre goes berserk!
You can no longer call in reinforcements.
The eight-headed hydra bites you.
* * * LOW HITPOINT WARNING * * *
The eight-headed hydra closely misses you.
The eight-headed hydra barely misses you. x2
The eight-headed hydra closely misses you.
The eight-headed hydra bites you!
* * * LOW HITPOINT WARNING * * *
The eight-headed hydra bites you!
* * * LOW HITPOINT WARNING * * *
The eight-headed hydra bites you.
* * * LOW HITPOINT WARNING * * *
You feel better.
Your two-headed ogre barely misses the eight-headed hydra.
Your two-headed ogre hits the eight-headed hydra with a +0 giant spiked club!!
The eight-headed hydra bites you!
* * * LOW HITPOINT WARNING * * *
The eight-headed hydra bites you but does no damage.
The eight-headed hydra bites you!
You die...

#.## ##.# ####.######
##.###.## #.# # ##...##
##'## # . ##.## ##...## # .
#.### ##.....## # 8 #.#.##
##.......### .
.########....####.........##
D
[.}.............†.........'.
.###.?.....@.####.........##
#.#######D# ##........###
#......[(O###..#.....## #
#.#.###~#~....###...## #
#.#.....#..#### ##'##
#.#.._..#.## #.# #.#.....#.#
#.# #.#.###.#.## ##.##
#.......(..## ##...##


You could see an eight-headed hydra (ally target) and a friendly two-headed ogre
(summoned, berserk).

Vanquished Creatures
  A minotaur (Gauntlet)
  The ghost of Rudyous the Fighter, a journeyman MiFi (D:11)
  A ghost crab (Gauntlet)
  A great orb of eyes (Gauntlet)
  A boulder beetle (D:10)
  A centaur warrior (D:10)
  Erica (D:9)
  A two-headed ogre (D:9)
  A tengu warrior (D:11)
  Sonja (D:11)
  Amaemon (D:9)
  Pikel (D:9)
  An orange demon (D:9)
  A minotaur zombie (Gauntlet)
  A kobold demonologist (D:9)
  A freezing wraith (D:11)
  Maggie (D:9)
  A troll (D:11)
  3 hornets
  A slime creature (D:11)
  A water elemental (D:11)
  A wraith (D:11)
  17 yaks
  A basilisk (D:10)
  A steam dragon (D:7)
  4 vampire mosquitoes
  An acid dragon (D:11)
  2 water moccasins
  A black bear (D:5)
  2 ice beasts
  2 orc warriors
  2 ogres
  5 centaurs
  A phantom (D:5)
  6 kobold brigands
  3 necrophages
  4 bullfrogs
  A gnoll sergeant (D:6)
  2 scorpions
  7 wights
  10 killer bees
  5 electric eels (D:11)
  A howler monkey (D:11)
  A jelly (D:6)
  6 hounds
  2 gnoll boudas
  5 orc priests
  A scorpion zombie (D:3)
  4 iguanas
  10 orc wizards
  7 gnolls
  5 adders
  A shadow imp (D:6)
  2 white imps (D:5)
  2 adder zombies (D:3)
  A dart slug (D:3)
  13 orcs
  6 bats
  3 endoplasms
  4 giant cockroaches
  10 goblins
  9 hobgoblins
  7 jackals
  2 quokkas
  3 ball pythons
  3 frilled lizards
  34 kobolds
  A quokka zombie (D:3)
  3 rats
247 creatures vanquished.

Vanquished Creatures (collateral kills)
  A hydra (D:10)
  A wizard (D:10)
  A meliai (D:10)
  4 yaks (D:11)
  A vampire mosquito (D:11)
  An orc warrior (D:11)
  An orc priest (D:11)
  3 orcs (D:11)
13 creatures vanquished.

Vanquished Creatures (others)
  A centaur warrior (D:10)
  A kobold (D:11)
  21 plants (D:11)
23 creatures vanquished.

Grand Total: 283 creatures vanquished

Notes
Turn   | Place    | Note
-------+----------+-------------------------------------------
     0 | D:1      | browni3141 the Troll Berserker began the quest for the Orb.
     0 | D:1      | Reached XP level 1. HP: 22/22 MP: 0/0
     3 | D:1      | Noticed an electric eel
     4 | D:1      | Noticed an electric eel
   293 | D:1      | Reached skill level 1 in Stealth
   293 | D:1      | Reached XP level 2. HP: 29/29 MP: 1/1
   844 | D:2      | Reached ** piety under Trog
   845 | D:2      | Reached XP level 3. HP: 22/36 MP: 2/2
  1365 | D:3      | Reached XP level 4. HP: 44/44 MP: 3/3
  1499 | D:3      | Reached skill level 4 in Unarmed Combat
  1533 | D:3      | Found a faded altar of an unknown god.
  1673 | D:3      | Found a basalt altar of Yredelemnul.
  2013 | D:4      | Reached XP level 5. HP: 42/53 MP: 4/4
  2014 | D:4      | Reached *** piety under Trog
  2439 | D:5      | Entered Level 5 of the Dungeon
  2439 | D:5      | Found Xutiahemir's Weapon Shop.
  2443 | D:5      | Reached skill level 1 in Throwing
  2486 | D:5      | Found a shimmering altar of Xom.
  2591 | D:5      | Noticed a centaur
  2602 | D:5      | Killed a centaur
  2603 | D:5      | Reached XP level 6. HP: 28/61 MP: 5/5
  2663 | D:5      | Found a broken altar of Ashenzari.
  2714 | D:5      | Reached skill level 5 in Unarmed Combat
  2836 | D:5      | Noticed a water moccasin
  2851 | D:5      | Killed a water moccasin
  2857 | D:5      | Reached XP level 7. HP: 40/67 MP: 6/6
  3182 | D:6      | Reached skill level 6 in Unarmed Combat
  3202 | D:6      | Reached XP level 8. HP: 50/78 MP: 7/7
  3235 | D:6      | Noticed bakla's ghost (novice DsGl)
  3282 | D:6      | Found a transporter.
  3323 | D:6      | Found a transporter.
  3359 | D:6      | Reached **** piety under Trog
  3425 | D:6      | Found a staircase to the Ecumenical Temple.
  3478 | D:6      | Noticed a hornet
  3485 | D:6      | Killed a hornet
  3486 | D:6      | Reached skill level 5 in Throwing
  3486 | D:6      | Reached skill level 7 in Unarmed Combat
  3702 | D:6      | Reached XP level 9. HP: 43/85 MP: 8/8
  4027 | D:7      | Found Hinutog's Assorted Antiques.
  4044 | D:7      | Bought a lumpy black potion for 18 gold pieces
  4195 | D:7      | Found a large runed translucent door.
  4196 | D:7      | Found a large runed translucent door.
  4439 | D:7      | Found a glowing silver altar of Zin.
  4444 | D:7      | Paralysed by a hornet for 3 turns
  4451 | D:7      | Reached skill level 5 in Fighting
  4451 | D:7      | Reached skill level 5 in Dodging
  4451 | D:7      | Reached skill level 8 in Unarmed Combat
  4502 | D:7      | Found a radiant altar of Vehumet.
  4608 | D:7      | Found a blossoming altar of Fedhas.
  4619 | D:7      | Found a shimmering blue altar of Sif Muna.
  4869 | D:7      | Found a sacrificial altar of Ru.
  4877 | D:7      | Found an iron altar of Okawaru.
  5328 | D:8      | Reached ***** piety under Trog
  5775 | D:9      | Noticed Erica
  5782 | D:9      | Killed Erica
  5783 | D:9      | Reached skill level 9 in Unarmed Combat
  5783 | D:9      | Reached XP level 10. HP: 96/96 MP: 9/9
  6031 | D:9      | Noticed Amaemon
  6046 | D:9      | Killed Amaemon
  6047 | D:9      | Noticed an orange demon
  6056 | D:9      | Killed an orange demon
  6138 | D:9      | Reached skill level 10 in Unarmed Combat
  6194 | D:9      | Noticed Maggie
  6202 | D:9      | Killed Maggie
  6225 | D:9      | Paralysed by a hornet for 2 turns
  6452 | D:9      | Reached XP level 11. HP: 40/106 MP: 10/10
  6667 | D:9      | Noticed Pikel
  6674 | D:9      | Killed Pikel
  6813 | D:9      | Received a gift from Trog
  6843 | D:9      | Noticed a two-headed ogre
  6856 | D:9      | Killed a two-headed ogre
  6929 | D:10     | Entered Level 10 of the Dungeon
  6947 | D:10     | Noticed a seven-headed hydra
  6947 | D:10     | Noticed a boulder beetle
  6951 | D:10     | Noticed a wizard
  6954 | D:10     | Killed a seven-headed hydra
  6955 | D:10     | Reached skill level 11 in Unarmed Combat
  6956 | D:10     | Noticed a centaur warrior
  6956 | D:10     | Killed a wizard
  6957 | D:10     | Noticed a centaur warrior
  6958 | D:10     | Noticed a wizard
  6958 | D:10     | Noticed a six-headed hydra
  6960 | D:10     | Noticed a tengu warrior
  6961 | D:10     | Noticed an eight-headed hydra
  6972 | D:10     | Killed a centaur warrior
  6976 | D:10     | Killed a centaur warrior
  6994 | D:11     | Found a staircase to the Orcish Mines.
  6997 | D:11     | Killed a tengu warrior
  7095 | D:11     | Found a gate leading to a gauntlet.
  7234 | Gauntlet | Entered a Gauntlet
  7234 | Gauntlet | Found a transporter.
  7241 | Gauntlet | Noticed a death yak
  7243 | Gauntlet | Found a transporter.
  7243 | Gauntlet | Noticed a necromancer
  7244 | Gauntlet | Noticed a death yak
  7244 | Gauntlet | Noticed a death yak
  7246 | Gauntlet | Noticed a death yak
  7261 | Gauntlet | Found a transporter.
  7264 | Gauntlet | Found a transporter.
  7285 | Gauntlet | Found a transporter.
  7295 | Gauntlet | Found a transporter.
  7307 | Gauntlet | Noticed a great orb of eyes
  7308 | Gauntlet | Noticed a death yak
  7308 | Gauntlet | Noticed a death yak
  7308 | Gauntlet | Noticed a death yak
  7309 | Gauntlet | Noticed a death yak
  7309 | Gauntlet | Noticed a death yak
  7310 | Gauntlet | Noticed a death yak
  7312 | Gauntlet | Found a transporter.
  7337 | Gauntlet | Noticed a necromancer
  7337 | Gauntlet | Noticed a death yak
  7338 | Gauntlet | Noticed a death yak
  7339 | Gauntlet | Found a transporter.
  7339 | Gauntlet | Found a transporter.
  7339 | Gauntlet | Noticed a death yak
  7340 | Gauntlet | Noticed a death yak
  7341 | Gauntlet | Found a runed translucent door.
  7341 | Gauntlet | Noticed a death yak
  7342 | Gauntlet | Noticed a death yak
  7345 | Gauntlet | Found a transporter.
  7355 | Gauntlet | Found a runed translucent door.
  7365 | Gauntlet | Noticed a ghost crab
  7374 | Gauntlet | Noticed a green ugly thing
  7375 | Gauntlet | Noticed a purple ugly thing
  7378 | Gauntlet | Found a transporter.
  7378 | Gauntlet | Found a transporter.
  7450 | Gauntlet | Killed a ghost crab
  7483 | Gauntlet | Identified the +4 battleaxe "Zipyedoc" {protect, rN+}
  7507 | Gauntlet | Identified the ring "Tuor Wio" {Will+ rCorr MP+9 Slay+5}
  7517 | Gauntlet | Killed a great orb of eyes
  7518 | Gauntlet | Reached skill level 10 in Throwing
  7553 | Gauntlet | Identified the +9 scimitar of the Chewing Pariah {drain,
                  | rElec}
  7553 | Gauntlet | Noticed a minotaur
  7561 | Gauntlet | Killed a minotaur
  7563 | Gauntlet | HP: 5/106 [minotaur zombie (9)]
  7565 | Gauntlet | Reached XP level 12. HP: 7/117 MP: 11/11
  7567 | Gauntlet | Identified the +0 chain mail "Hybbof" {Str+3}
  7567 | Gauntlet | Identified the ring of the Louse {rC++ rN+ rCorr Str-2
                  | Dex+4}
  7778 | D:11     | Reached skill level 12 in Unarmed Combat
  7780 | D:11     | Noticed Sonja
  7783 | D:11     | Killed Sonja
  8326 | D:11     | Found a runed translucent gate.
  8326 | D:11     | Found a runed translucent gate.
  8327 | D:11     | Found a runed translucent gate.
  8328 | D:11     | Noticed Rudyous's ghost (journeyman MiFi)
  8512 | D:11     | Killed Rudyous's ghost
  8654 | D:10     | Found a staircase to the Lair.
  8701 | D:10     | Found a burning altar of Makhleb.
  8907 | D:10     | Killed a boulder beetle
  8938 | D:10     | Slain by an eight-headed hydra

Illustrated notes

Levels and vault maps discovered:
D:1:      arrival_aquarium_b, layout_loops_ring, minivault_14, minmay_tromino_v2
D:2:      layout_basic, chequers_serial_rivers_micro_c
D:3:      layout_basic, nicolae_yredelemnul_corpse_copse,
          dreamdust_ecumenical_altar_angels_and_demons, minmay_checkerbox
D:4:      layout_loops_ring
D:5:      layout_loops_ring, mainiacjoe_overflow_alcove_4,
          mainiacjoe_overflow_brackets, serial_shops, nicolae_stop_n_shop_1,
          st_stairs_4
D:6:      layout_loops_ring, temple_hall, gammafunk_ghost_hive,
          minmay_strange_pillars
D:7:      layout_basic, nicolae_overflow_quartered_altars,
          jmf_multi_god_temple2, serial_shops, nicolae_stop_n_shop_1
D:8:      layout_gridville, chequers_serial_rivers_room_b
D:9:      layout_roguey, bh_walls_and_bars, uniq_maggie, uniq_amaemon,
          uniq_pikel, uniq_erica
D:10:     layout_loops_corners, mainiacjoe_overflow_cross_hatched, minivault_28
D:11:     layout_rooms, minmay_orc_entry_temple_small, gammafunk_ghost_spectres,
          gauntlet_entry_generic, serial_bayou, serial_bayou_crossing,
          serial_bayou_pond_b, serial_bayou_ford_a, serial_bayou_shore_a,
          serial_bayou_lake_a, uniq_sonja

Skill      XL: |  1  2  3  4  5  6  7  8  9 10 11 12 |
---------------+-------------------------------------+-----
Stealth        | 1 |  1.0
Unarmed Combat | 4 5 6 7 9 10 11 12 | 12.5
Dodging        | 3 4 5 6 7 |  7.6
Fighting       | 3 4 5 6 7 |  7.6
Throwing       | 1 2 4 5 7 8 10 | 10.8

Action                     |  1- 3 |  4- 6 |  7- 9 | 10-12 || total
---------------------------+-------+-------+-------+-------++-------
  Melee: Unarmed           |   100 |    95 |   230 |   314 ||   739
         Punch             |     1 |     1 |     5 |    15 ||    22
  Throw: Dart              |       |       |    10 |    41 ||    51
 Invoke: Berserk           |     1 |     1 |     3 |     9 ||    14
         Trog's Hand       |       |     1 |       |     3 ||     4
         Brothers in Arms  |       |       |       |     6 ||     6
  Evoke: Wand              |       |     2 |       |     3 ||     5
         Phial of floods   |       |       |       |     2 ||     2
    Use: Potion            |       |     3 |     3 |     3 ||     9
   Stab: Distracted        |       |     1 |       |       ||     1
         Invisible         |       |     1 |     1 |     7 ||     9
         Sleeping          |       |       |     1 |       ||     1
 Armour: Animal skin       |    38 |    30 |    29 |       ||    97
         Skin              |       |     7 |     9 |       ||    16
         Robe              |       |       |    45 |    77 ||   122
  Dodge: Dodged            |    39 |    51 |   127 |   164 ||   381

Table legend: (Time is in decaauts)
 A = Elapsed time spent in this place.
 B = Non-inter-level travel time spent in this place.
 C = Inter-level travel time spent in this place.
 D = Time resting spent in this place.
 E = Time spent auto-exploring this place.
 F = Levels seen in this place.
 G = Mean time per level.
                   A        B        C        D        E       F      G
               +--------+--------+--------+--------+--------+-----+--------+
         Total |   8977 |   8677 |    300 |    606 |   6221 |  12 |  748.1 |
       Dungeon |   8532 |   8232 |    300 |    458 |   6055 |  11 |  775.6 |
      Gauntlet |    445 |    445 |      0 |    148 |    166 |   1 |  445.0 |
               +--------+--------+--------+--------+--------+-----+--------+

Top non-repeatable levels by time:
     D:9: 1201 daAuts
    D:11: 1148 daAuts
     D:7: 1147 daAuts
     D:6: 859 daAuts
     D:1: 726 daAuts
     D:5: 688 daAuts
     D:8: 641 daAuts
     D:2: 602 daAuts
     D:3: 567 daAuts
     D:4: 536 daAuts
Gauntlet: 445 daAuts
    D:10: 413 daAuts
